 Dungeon Crawl Stone Soup version 0.26.0-15-gc6cd9f7 (webtiles) character file.

Game seed: 2816143100203715494

413 bonscott the Sneak (level 6, -1/46 HPs)
             Began as a Vampire Warper on Jan 24, 2021.
             Slain by Grinder (10 damage)
             ... on level 4 of the Dungeon.
             The game lasted 00:13:06 (3905 turns).

bonscott the Sneak (Vampire Warper)                 Turns: 3905, Time: 00:13:06

Health: -1/46      AC:  4    Str: 12    XL:     6   Next: 59%
Magic:  10/10      EV: 13    Int: 15    God:
Gold:   178        SH:  0    Dex: 14    Spells: 6/10 levels left

rFire    . . .     SeeInvis +   c - +1 dagger (speed)
rCold    . . .     Faith    .   (no shield)
rNeg     + . .     Spirit   .   q - +0 leather armour {rPois}
rPois    +         Reflect  .   r - +0 helmet
rElec    .         Harm     .   (no cloak)
rCorr    .         Rampage  .   (no gloves)
Will     .....                  (no boots)
Stlth    ++........             (no amulet)
HPRegen  0.35/turn              t - ring of positive energy
MPRegen  0.12/turn              (no ring)

@: berserk cooldown, regenerating quickly, slowed, very slow
A: fangs 3, see invisible, unbreathing
a: Exsanguinate


You were on level 4 of the Dungeon.
You visited 1 branch of the dungeon, and saw 4 of its levels.

You collected 178 gold pieces.

Inventory:

Hand Weapons
 a - a +0 falchion
 b - a +1 spectral quarterstaff
 c - a +1 dagger of speed (weapon)
 x - a +1 vorpal trident
Missiles
 e - 5 boomerangs of dispersal (quivered)
 m - 26 poisoned darts
 p - 2 curare-tipped darts
 w - 3 boomerangs
 F - 117 stones
Armour
 q - a +0 leather armour of poison resistance (worn)
 r - a +0 helmet (worn)
Jewellery
 t - a ring of positive energy (left hand)
Scrolls
 f - a scroll of remove curse
 j - 2 scrolls of identify
 k - a scroll of enchant armour {unknown}
 o - a scroll of teleportation {unknown}
 v - 2 scrolls of immolation
Potions
 g - a potion of flight {unknown}
 h - a potion of heal wounds {unknown}
 i - a potion of berserk rage
 n - a potion of magic {unknown}
 s - a potion of might {unknown}
 u - a potion of cancellation {unknown}
 z - a potion of ambrosia {unknown}
 A - a potion of degeneration {unknown}


   Skills:
 + Level 2.6 Fighting
 + Level 2.9 Long Blades
 + Level 1.9 Throwing
 + Level 1.9 Armour
 + Level 3.3 Dodging
 + Level 3.3 Stealth
 + Level 2.9 Spellcasting
 + Level 1.0 Necromancy
 + Level 3.1 Translocations
 + Level 0.8 Evocations


You had 6 spell levels left.
You knew the following spells:

 Your Spells              Type           Power        Failure   Level
a - Apportation           Tloc           22%          7%          1
d - Animate Skeleton      Necr           10%          17%         1
q - Blink                 Tloc           N/A          11%         2

Your spell library contained the following spells:

 Spells                   Type           Power        Failure   Level
 Gell's Gravitas          Tloc           5%           22%         3
 Lesser Beckoning         Tloc           5%           22%         3
 Teleport Other           Tloc           11%          22%         3
 Corona                   Hex            2%           26%         1
 Summon Small Mammal      Summ           8%           26%         1
 Passage of Golubria      Tloc           N/A          56%         4


Dungeon Overview and Level Annotations

Branches:
Dungeon (4/15)
 Temple: D:4-7

Altars:
Hepliaklqana

Annotations:
D:4 Grinder


Innate Abilities, Weirdness & Mutations

Your natural rate of healing is unusually fast.
You have razor-sharp teeth.
You have supernaturally acute eyesight. (SInv)
You can survive without breathing.


Message History

* * * LOW HITPOINT WARNING * * *
You can move again.
Unknown command.
You feel better. Grinder gestures at you. Pain shoots through your body!
* * * LOW HITPOINT WARNING * * *
Grinder gestures at you. Pain shoots through your body!
* * * LOW HITPOINT WARNING * * *
Blink to where?
Press: ? - help, Dir - move target, p - Grinder
As you read the scroll of blinking, it crumbles to dust.
Grinder blinks!
Things that are here:
a +0 mace; a +0 mace; a +0 scale mail Grinder says, "You look like you could use a good racking."
Grinder grins, showing sharp teeth.
Grinder hits you!
You die...

#...<##### #....#.
#.#....#######..###
####.......# #..#..
#..##.####.###..'.. ##.....#
#..##..##8 #####..####.#....##
#...#..##...#....##
##<.........#######
#.@##.##..........#
####.5##.###.......###
#.#.#..)........##<###
###...####..####.......#
#.....#......####.......
######..........# #.#.#.#.
....#..........###.......
########.#...........##.#.#.#.
.......#.#...........##.......


You could see Grinder.

Vanquished Creatures
  2 scorpions (D:4)
  A hound (D:3)
  An orc priest (D:4)
  An orc wizard (D:4)
  A bullfrog skeleton (D:4)
  2 worker ants (D:4)
  A hound zombie (D:2)
  4 adders
  A white imp (D:2)
  An adder zombie (D:2)
  3 dart slugs
  2 leopard geckos
  8 orcs
  6 giant cockroaches
  3 goblins
  4 hobgoblins
  7 jackals
  10 kobolds
  A quokka (D:4)
  7 bats
  9 frilled lizards
  A jackal zombie (D:2)
  A quokka skeleton (D:2)
  3 rats
80 creatures vanquished.

Notes
Turn   | Place    | Note
-------+----------+-------------------------------------------
     0 | D:1      | bonscott the Vampire Warper began the quest for the Orb.
     0 | D:1      | Reached XP level 1. HP: 16/16 MP: 3/3
   261 | D:1      | Reached XP level 2. HP: 15/22 MP: 5/5
   313 | D:1      | Reached skill level 1 in Stealth
   316 | D:1      | Reached skill level 1 in Armour
   321 | D:1      | Reached skill level 1 in Throwing
   990 | D:2      | Reached XP level 3. HP: 25/27 MP: 6/6
  1396 | D:2      | Reached XP level 4. HP: 16/33 MP: 7/7
  2285 | D:3      | Found a hazy altar of Hepliaklqana.
  2871 | D:3      | Reached XP level 5. HP: 30/39 MP: 8/8
  2918 | D:4      | Learned a level 1 spell: Apportation
  2921 | D:4      | Learned a level 2 spell: Blink
  2923 | D:4      | Learned a level 1 spell: Animate Skeleton
  3466 | D:4      | Reached XP level 6. HP: 38/46 MP: 10/10
  3670 | D:4      | Reached skill level 1 in Necromancy
  3861 | D:4      | Noticed Grinder
  3879 | D:4      | Paralysed by Grinder for 2 turns
  3882 | D:4      | HP: 1/46 [Grinder (2)]
  3891 | D:4      | Paralysed by Grinder for 7 turns
  3897 | D:4      | HP: 1/46 [Grinder (2)]
  3905 | D:4      | Slain by Grinder

Illustrated notes

Levels and vault maps discovered:
D:1:      dpeg_arrival_tiny_a, layout_basic, roderic_lattice_a, minivault_24,
          minmay_pentomino_q2
D:2:      layout_loops_corners, serial_undead, serial_undead_e, serial_undead_f,
          serial_undead_f, serial_undead_f
D:3:      layout_basic, nzn_hepliaklqana_mist_gate, minmay_misc_feat_roman
D:4:      minmay_chambers_of_twos, layout_rooms,
          nicolae_gozag_cash_rules_everything_around_me,
          nicolae_overflow_hidden_temple, serial_co_window_serial,
          co_window_paths_b, co_window_paths_a, co_window_paths_a,
          co_window_corner_a, co_window_corner_a, co_window_2corner,
          co_window_cross_2, co_window_corner_b, glass_columns_a,
          glass_columns_a, glass_columns_c, uniq_grinder,
          uniq_crazy_yiuf_cottage

Skill      XL: |  1  2  3  4  5  6 |
---------------+-------------------+-----
Stealth        | 1 2 3 |  3.3
Armour         | 1 |  1.9
Throwing       | 1 |  1.9
Fighting       | 2 |  2.6
Dodging        | 3 |  3.3
Translocations | 3 |  3.1
Necromancy     | 1 |  1.0
Long Blades    | |  2.9
Spellcasting   | |  2.9
Evocations     | |  0.8

Action                   |  1- 3 |  4- 6 || total
-------------------------+-------+-------++-------
Melee: Falchion          |   129 |    44 ||   173
       Bite              |    12 |    16 ||    28
       Dagger            |       |   209 ||   209
Throw: Stone             |     2 |    22 ||    24
       Dart              |       |    18 ||    18
       Boomerang         |       |     8 ||     8
  Use: Scroll            |       |     6 ||     6
       Potion            |       |     3 ||     3
 Stab: Sleeping          |       |     4 ||     4
Armor: Leather armour    |    40 |    36 ||    76
Dodge: Dodged            |   105 |   142 ||   247
       Rpst.: Falchion   |    30 |     7 ||    37
